Map: [ESL] Waterfall

Players

trigger - Winner!

  • Race: Protoss Protoss
  • Spawn Location: 1:00

Scarlett

  • Race: Zerg Zerg
  • Spawn Location: 7:00

Event: DreamHack SC2 Masters 2022 Atlanta (Online)

VOD

Have the link to the VOD?

Description

Time

  • Played on: Oct. 15, 2022, 3:19 p.m.
  • Length: 6:46

All games in this series

Show
View Real Time Build Order
Export as new Build Order

trigger Protoss - Winner!

Build Orders: 1 Gate Expand, Colossus Rush 

Get SALT Encoding   

  12  0:00  Probe  
  13  0:12  Probe  
  14  0:18  Pylon  
  14  0:24  Probe (Chrono Boost)  
  14  0:28  Assimilator  
  15  0:36  Probe (Chrono Boost)  
  16  0:45  Probe (Chrono Boost)  
  16  0:47  Gateway  
  17  0:50  Probe  
  18  1:03  Probe  
  19  1:15  Probe  
  20  1:24  Nexus  
  20  1:34  Cybernetics Core  
  20  1:38  Assimilator  
  20  1:42  Probe  
  21  1:48  Pylon  
  21  1:54  Probe (Chrono Boost)  
  22  2:06  Probe (Chrono Boost)  
  23  2:10  Stalker (Chrono Boost)  
  23  2:12  Probe (Chrono Boost)  
  23  2:15  Warp Gate  
  26  2:23  Robotics Facility, Probe  
  27  2:36  Probe (Chrono Boost)  
  29  2:37  Adept (Chrono Boost)  
  29  2:40  Probe (Chrono Boost)  
  31  2:45  Probe (Chrono Boost)  
  31  2:49  Probe (Chrono Boost)  
  31  2:50  Probe (Chrono Boost)  
  31  2:51  Gateway  
  34  2:59  Probe  
  34  3:02  Probe  
  36  3:11  Robotics Bay  
  36  3:12  Observer  
  38  3:13  Pylon  
  38  3:15  Probe x2 (Chrono Boost)  
  39  3:23  Assimilator  
  39  3:24  Probe (Chrono Boost)  
  39  3:26  Probe (Chrono Boost)  
  41  3:29  Probe (Chrono Boost)  
  41  3:30  Warp Prism (Chrono Boost)  
  44  3:37  Probe  
  45  3:41  Probe  
  45  3:47  Pylon  
  46  3:49  Probe  
  46  3:53  Probe  
  48  3:56  Gateway  
  48  3:58  Disruptor (Chrono Boost)  
  51  4:05  Sentry x2, Gateway  
  55  4:16  Gateway  
  55  4:17  Gateway  
  55  4:23  Gateway  
  55  4:25  Pylon  
  55  4:30  Colossus (Chrono Boost)  
  61  4:39  Stalker  
  61  4:42  Gateway  
  62  4:49  Sentry  
  62  4:52  Pylon  
  64  4:53  Pylon  
  64  4:55  Zealot  
  66  5:04  Stalker x2  
  70  5:07  Pylon  
  70  5:17  Zealot x3  
  76  5:28  Stalker x3  
  76  5:31  Stalker  
  84  5:38  Stalker  
  84  5:41  Stalker  
  82  6:07  Stalker x5  
  82  6:08  Zealot  
  94  6:13  Pylon  
  94  6:14  Pylon  
  92  6:20  Zealot  
  94  6:37  Zealot x7  
Show
View Real Time Build Order
Export as new Build Order

Scarlett Zerg 

Build Orders: Hatch First 

Get SALT Encoding   

  12  0:00  Drone  
  13  0:12  Overlord  
  13  0:17  Drone  
  14  0:31  Drone  
  15  0:43  Hatchery  
  15  0:47  Drone  
  15  0:51  Drone  
  15  0:55  Drone  
  17  0:59  Drone  
  18  1:09  Extractor  
  17  1:13  Spawning Pool  
  17  1:17  Drone  
  17  1:20  Drone  
  18  1:30  Drone  
  19  1:42  Drone  
  20  1:52  Drone  
  21  1:55  Drone  
  21  2:00  Queen x2  
  26  2:02  Overlord  
  26  2:06  Drone  
  27  2:15  Metabolic Boost  
  27  2:18  Drone  
  27  2:21  Drone  
  29  2:24  Drone  
  29  2:29  Drone  
  31  2:36  Drone  
  32  2:38  Hatchery  
  32  2:43  Queen  
  33  2:48  Overlord  
  33  2:53  Overlord  
  33  2:57  Drone x2  
  35  3:06  Evolution Chamber  
  35  3:10  Drone x2  
  35  3:11  Queen  
  38  3:14  Zergling x2  
  38  3:15  Drone  
  38  3:16  Drone  
  38  3:19  Drone  
  42  3:26  Drone, Overlord  
  43  3:33  Drone, Zerg Melee Weapons Level 1  
  44  3:37  Overlord  
  44  3:42  Overlord  
  44  3:43  Queen  
  44  3:45  Drone  
  44  3:48  Zergling x6  
  50  3:55  Drone x4  
  53  4:00  Drone  
  55  4:04  Roach Warren  
  55  4:05  Drone  
  55  4:06  Drone  
  56  4:15  Drone x2  
  58  4:18  Hatchery  
  58  4:21  Zergling x4  
  58  4:29  Overlord  
  58  4:30  Drone x4  
  62  4:32  Drone x2  
  62  4:33  Extractor  
  62  4:35  Overlord  
  62  4:37  Zergling x2  
  64  4:42  Zergling x8  
  68  4:46  Overlord  
  68  5:00  Overlord  
  68  5:05  Drone  
  68  5:06  Spore Crawler, Drone x4  
  80  5:07  Roach x6  
  80  5:10  Overlord  
  80  5:11  Overlord  
  84  5:14  Zergling x2  
  84  5:17  Zergling x6  
  84  5:20  Zergling x2  
  89  5:24  Zergling x2  
  89  5:26  Roach  
  89  5:27  Zergling x2  
  89  5:28  Ravager x2  
  95  5:34  Zergling x8  
  99  5:38  Zergling x6  
  99  5:40  Ravager  
  99  5:41  Zergling x2  
  104  5:45  Zergling x2  
  104  5:46  Queen  
  104  5:47  Zergling x2  
  110  5:50  Zergling x4, Roach x2  
  87  5:58  Roach x2  
  87  6:00  Roach  
  87  6:03  Queen x2  
  89  6:05  Roach  
  89  6:06  Zergling x2  
  89  6:07  Zergling x8  
  92  6:12  Roach  
  92  6:14  Roach  
  92  6:17  Zergling x10  
  103  6:22  Zergling x2  
  100  6:27  Zergling x2, Roach  
Tags
 
Add a new tag
Caveats
  • Supply blocks, unpowered buildings, or Contaminate may cause inaccurate times.
  • Supply counts are checked every 10 seconds.